 Dungeon Crawl Stone Soup version 0.23-a0-639-ga9a3373214 (console) character file.

16 freddan the Shield-Bearer (level 2, 20/27 HPs)
             Began as a Minotaur Fighter on Dec 29, 2018.
             Quit the game on level 1 of the Dungeon.
             The game lasted 00:06:48 (75 turns).

freddan the Shield-Bearer (Minotaur Fighter)          Turns: 75, Time: 00:06:49

Health: 20/27      AC:  7    Str: 20    XL:     2   Next: 41%
Magic:  1/1        EV:  7    Int:  5    God:
Gold:   11         SH:  9    Dex:  9    Spells: 1/1 levels left

rFire    . . .     SeeInvis .   a - +0 long sword
rCold    . . .     Gourm    .   c - +0 shield
rNeg     . . .     Faith    .   b - +0 scale mail
rPois    .         Spirit   .   (helmet restricted)
rElec    .         Reflect  .   (no cloak)
rCorr    .         Harm     .   (no gloves)
MR       .....                  (no boots)
Stlth    ..........             (no amulet)
HPRegen  0.09/turn              (no ring)
MPRegen  0.07/turn              (no ring)

@: no status effects
A: retaliatory headbutt, horns 2
a: no special abilities


You were on level 1 of the Dungeon.
You were not hungry.

You visited 1 branch of the dungeon, and saw 1 of its levels.

You collected 11 gold pieces.

Inventory:

Hand Weapons
 a - a +0 long sword (weapon)
 e - a +0 spear
 j - a +0 club
Missiles
 k - 20 stones (quivered)
Armour
 b - a +0 scale mail (worn)
 c - a +0 shield (worn)
Scrolls
 h - a scroll of amnesia {unknown}
Potions
 d - a potion of might
 i - 2 potions of heal wounds {unknown}
 l - 2 potions of resistance {unknown}
Comestibles
 f - a ration
 g - 6 chunks of flesh


   Skills:
 + Level 3.9 Fighting
 + Level 2.5 Long Blades
 + Level 4.0 Armour
 + Level 4.0 Shields


You had one spell level left.
You didn't know any spells.
Your spell library was empty.

Dungeon Overview and Level Annotations

Branches:
Dungeon (1/15)

Altars:


Innate Abilities, Weirdness & Mutations

You reflexively headbutt those who attack you in melee.
You have a pair of horns on your head.


Message History

Butcher a frilled lizard corpse? [(y)es/(n)o/(a)ll/(q)uit/?]
Butcher a hobgoblin corpse? [(y)es/(n)o/(a)ll/(q)uit/?]
You butcher the frilled lizard corpse.
You butcher the hobgoblin corpse.
g - 3 chunks of flesh (gained 1);
g - 6 chunks of flesh (gained 3)
Items here: )) ÷÷ a +0 club; a +2 dagger of protection; a frilled lizard skeleton a hobgoblin skeleton A hobgoblin comes into view.
l - 2 fizzy yellow potions Save game and exit?
Welcome back, freddan the Minotaur Fighter.
Press ? for a list of commands and other information.
Save game and exit?
Welcome back, freddan the Minotaur Fighter.
Press ? for a list of commands and other information.
Save game and exit?
Welcome back, freddan the Minotaur Fighter.
Press ? for a list of commands and other information.
Are you sure you want to abandon this character and quit the game? (Confirm

######### #.......##
############........##
#.....#.^#.#...>.....#
#.÷#.......#.........#
.....................#
...#..#..#......@....#
...#..#..#.#.........#
<..#.....#.#........##
############.......##
#)####### #....#
#.##.# .. .# #.# #


There were no monsters in sight!

Vanquished Creatures
  An ooze (D:1)
  A dart slug (D:1)
  2 giant cockroaches (D:1)
  A goblin (D:1)
  2 hobgoblins (D:1)
  A bat (D:1)
  2 frilled lizards (D:1)
10 creatures vanquished.

Notes
Turn   | Place    | Note
-------+----------+-------------------------------------------
     0 | D:1      | freddan the Minotaur Fighter began the quest for the Orb.
     0 | D:1      | Reached XP level 1. HP: 19/19 MP: 0/0
    47 | D:1      | Reached XP level 2. HP: 22/27 MP: 1/1
    75 | D:1      | Quit the game

Vault maps used:
D:1:      dpeg_arrival_ternary, minmay_large_rounded_square, minmay_tall_x

Skill      XL: |  1  2 |
---------------+-------+-----
Shields        | 4 |  4.0
Armour         | 4 |  4.0
Fighting       | |  3.9
Long Blades    | |  2.5

Action                   || total
-------------------------++-------
Melee: Long sword        ||    22
       Headbutt          ||     6
Armor: Scale mail        ||     7
Dodge: Dodged            ||     9
Block: Shield            ||     4
       Rpst.: Long sword ||     1

Table legend:
 A = Non-vault XP
 B = Vault XP
 C = Vault XP percentage of total XP
 D = Non-vault monster count
 E = Vault monster count
 F = Vault count percentage of total count
                 A         B        C        D         E       F
            +---------+---------+-------+---------+---------+-------
      Total |      12 |      12 |  50.0 |       6 |       4 |  40.0
            +---------+---------+-------+---------+---------+-------
        D:1 |      12 |      12 |  50.0 |       6 |       4 |  40.0
            +---------+---------+-------+---------+---------+-------
